 Dungeon Crawl Stone Soup version 0.21.1-1-g345015f (webtiles) character file.

2655 tidbits the Insei (level 9, -11/68 HPs)
             Began as a Gnoll Transmuter on Feb 6, 2018.
             Was a Follower of Cheibriados.
             Mangled by a two-headed ogre
             ... wielding a +0 giant club
              (22 damage)
             ... on level 8 of the Dungeon.
             The game lasted 00:16:07 (1768 turns).

tidbits the Insei (Gnoll Transmuter)                Turns: 1768, Time: 00:16:08

Health: -11/68     AC:  8    Str: 15    XL:     9   Next: 62%
Magic:  19/28      EV: 32    Int: 21    God:    Cheibriados [*.....]
Gold:   241        SH:  0    Dex: 22    Spells: 6/21 levels left

rFire    . . .     SeeInvis .     - Unarmed
rCold    . . .     Gourm    .   (shield currently unavailable)
rNeg     . . .     Faith    .   (armour currently unavailable)
rPois    x         Spirit   .   (helmet currently unavailable)
rElec    +         Reflect  .   (cloak currently unavailable)
rCorr    .         Harm     .   (gloves currently unavailable)
MR       .....                  (boots currently unavailable)
Stlth    +++.......             t - amulet of the Air {Inacc +Fly rElec EV+5 RMsl}
HPRegen  0.21/turn              g - ring of magical power
MPRegen  0.21/turn              U - +6 ring of protection

@: spider-form, very slightly contaminated, repel missiles, very slow
A: tiny, distributed training, strong nose
a: End Transformation, Bend Time, Renounce Religion, Evoke Flight


You were on level 8 of the Dungeon.
You worshipped Cheibriados.
Cheibriados was aware of your devotion.
You were not hungry.
You were a venomous arachnid creature.
You visited 2 branches of the dungeon, and saw 10 of its levels.

You collected 241 gold pieces.

Inventory:

Hand Weapons
 h - a +0 dagger (melded)
 m - a cursed +0 hunting sling
 w - a +2 war axe of electrocution
   (You found it on level 6 of the Dungeon)
Missiles
 b - 33 arrows
 e - 39 stones (quivered)
 f - 4 tomahawks
 n - a throwing net {!f}
Armour
 l - a +0 ring mail
 B - a +0 robe (melded)
 G - a +1 pair of gloves of strength (melded)
   (You found it on level 8 of the Dungeon)
Jewellery
 g - a ring of magical power (left front leg)
   (You found it on level 2 of the Dungeon)
 t - the amulet of the Air (around neck) {Inacc +Fly rElec EV+5 RMsl}
   (You found it on level 6 of the Dungeon)

   [amulet of inaccuracy]

   It reduces the accuracy of all your attacks.
   It affects your evasion (+5).
   It insulates you from electricity.
   It lets you fly.
   It protects you from missiles.
 K - an uncursed ring of resist corrosion
   (You found it on level 6 of the Dungeon)
 U - a +6 ring of protection (right front leg)
   (You found it on level 3 of the Dungeon)
Wands
 j - a wand of clouds (8)
 o - a wand of acid (15)
Scrolls
 k - a scroll of immolation {unknown}
 r - a scroll of fear
 s - a scroll of blinking
 u - a scroll of random uselessness
 v - a scroll of amnesia
 y - 2 scrolls of fog {unknown}
 A - 4 scrolls of enchant weapon
Books
 d - a book of Changes

   Spells                             Type                      Level
   a - Beastly Appendage              Transmutation                1
   b - Sticks to Snakes               Transmutation                2
   c - Spider Form                    Transmutation/Poison         3
   d - Ice Form                       Ice/Transmutation            4
   e - Blade Hands                    Transmutation                5
Comestibles
 c - 13 rations


   Skills:
 + Level 5.1 Fighting
 + Level 4.3 Short Blades
 + Level 4.3 Long Blades
 + Level 4.3 Axes
 + Level 4.3 Maces & Flails
 + Level 4.3 Polearms
 + Level 4.3 Staves
 + Level 4.3 Slings
 + Level 4.3 Bows
 + Level 4.3 Crossbows
 + Level 4.3 Throwing
 + Level 4.3 Armour
 + Level 6.4 Dodging
 + Level 4.3 Stealth
 + Level 4.3 Shields
 + Level 7.9 Unarmed Combat
 + Level 6.7 Spellcasting
 + Level 3.5 Conjurations
 + Level 3.5 Hexes
 + Level 3.5 Charms
 + Level 3.5 Summonings
 + Level 3.5 Necromancy
 + Level 3.5 Translocations
 + Level 5.3 Transmutations
 + Level 3.5 Fire Magic
 + Level 3.5 Ice Magic
 + Level 3.5 Air Magic
 + Level 3.5 Earth Magic
 + Level 3.5 Poison Magic
 + Level 4.8 Invocations
 + Level 4.3 Evocations


You had 6 spell levels left.
You knew the following spells:

 Your Spells              Type           Power        Failure   Level  Hunger
e - Beastly Appendage     Tmut           ####..       5%          1    None
h - Blade Hands           Tmut           ####......   50%         5    #####..
i - Ice Form              Ice/Tmut       ####....     32%         4    ###....
k - Sticks to Snakes      Tmut           ####....     7%          2    None
p - Spider Form           Tmut/Pois      ####......   13%         3    #......


Dungeon Overview and Level Annotations

Branches:
Dungeon (9/15)             Temple (1/1) D:6
   Lair: D:8-11         Orc: D:9-12

Altars:
Ashenzari
Cheibriados
Dithmenos
Elyvilon
Gozag
Hepliaklqana
Kikubaaqudgha
Makhleb
Nemelex Xobeh
Qazlal
Ru
Sif Muna
Trog
Uskayaw
Vehumet
Wu Jian
Xom
Zin
The Shining One

Annotations:
D:2 Robin
D:9 Quirk's ghost, journeyman GnFi


Innate Abilities, Weirdness & Mutations

Your experience applies equally to all skills.
((You have very sharp teeth.))
Your uncanny sense of smell can sniff out nearby items.
((You have sharp toenails.))
((Your system is resistant to poisons. (rPois)))


Message History

You hit the jelly but do no damage.
Your front legs burn!
* * * LOW HITPOINT WARNING * * *
The jelly is almost dead.
The jelly completely misses you.
You bite the jelly!
You kill the jelly!
Cheibriados appreciates the change of pace.
You feel your intelligence returning. The shadow imp misses you.
The shadow imp misses you.
You see here an arrow.
b - 22 arrows (gained 1)
Your transformation is almost over.
The shadow imp shouts, "Turn tail, thou obnoxious fen-sucked pustule!"
The shadow imp completely misses you. The shadow imp hits you.
* * * LOW HITPOINT WARNING * * *
You miss the shadow imp.
You are no longer corroded.
The shadow imp misses you.
Casting: Spider Form
Confirm with . or Enter, or press ? or * to list all spells.
You create a snake!
You now have 21 arrows.
The shadow imp completely misses you.
You hit the shadow imp.
The shadow imp is poisoned.
The shadow imp is heavily wounded.
Your ball python bites the shadow imp but does no damage.
Your ball python grabs the shadow imp.
Your ball python constricts the shadow imp.
The shadow imp barely misses your ball python.
You bite the shadow imp!
You kill the shadow imp!
Cheibriados appreciates the change of pace.
Your transformation has ended.
Your +0 dagger unmelds from your body.
Your +1 pair of gloves of strength unmelds from your body.
Your +0 robe unmelds from your body.
You feel stronger.
Items here: $ )) [[ †
Okay, then.
You butcher the gnoll corpse.
Items here: $ % )) [[ ÷ Eat a chunk of flesh? (ye/n/q)
You eat the chunk of flesh.
This raw flesh tastes terrible.
You now have 241 gold pieces (gained 10).
Items here: ( )) [ ††
b - 34 arrows (gained 13)
An orc comes into view. It is wielding a short sword.
Casting: Sticks to Snakes
Confirm with . or Enter, or press ? or * to list all spells.
You miscast Spider Form.
You are very lightly contaminated with residual magic.
Your hair momentarily turns into snakes!
The orc shouts!
You hear two shouts!
The orc drinks a potion.
The orc suddenly seems more resistant.
Casting: Spider Form
Confirm with . or Enter, or press ? or * to list all spells.
You turn into a venomous arachnid creature.
Your +0 dagger melds into your body.
Your +1 pair of gloves of strength melds into your body.
Your +0 robe melds into your body.
You feel weaker.
The orc throws a stone.
The stone completely misses you.
The orc throws a stone.
The stone completely misses you.
A two-headed ogre comes into view. It is wielding two giant clubs.
Casting: Spider Form
Confirm with . or Enter, or press ? or * to list all spells.
You create a snake!
You now have 33 arrows.
The jelly quivers.
The orc throws a stone.
The stone completely misses you.
Your ball python withers and dies!
The orc throws a stone.
The stone misses you.
You see here a stone.
Unknown command.
The orc closely misses you. x2
You hit the orc but do no damage.
The two-headed ogre hits your ball python with a giant club!
Your ball python dies!
The orc misses you.
Unknown command.
You hit the orc but do no damage.
The orc is poisoned.
You bite the two-headed ogre!
The two-headed ogre is poisoned.
The two-headed ogre is lightly wounded.
The orc completely misses you.
The two-headed ogre hits you with a giant club!!
* * * LOW HITPOINT WARNING * * *
The two-headed ogre completely misses you.
You hit the two-headed ogre.
The two-headed ogre looks as sick as possible!
The two-headed ogre is moderately wounded.
The orc misses you. The flow of time bends around you.
Cheibriados rebukes the jelly.
The jelly seems to slow down.
Cheibriados rebukes the two-headed ogre.
The two-headed ogre seems to slow down.
Cheibriados rebukes the orc.
The orc seems to slow down.
You feel slightly more hungry.
The two-headed ogre hits you with a giant club!!
You die...

#.# #.>.....#..###
.. #.#
#.......#..# ##
#.# #...(...#..#
#.# ####.####..#
######.#######.(##
..# #####
............))...#
.....
######.########..#
##### #.# ###J(###
#.# #..Os..# #..
#.. #..o(..# .....
### #..♣♣##....#
###.# #.. ....# #
.(. ∆∆##♣♣.. %$ ∆∆
..# .#


You could see a two-headed ogre, a jelly and an orc.

Vanquished Creatures
  A manticore (D:8)
  Grinder (D:3)
  A hippogriff (D:7)
  A soldier ant (D:8)
  2 orc warriors
  An ice beast (D:8)
  3 sky beasts
  A centaur (D:8)
  3 ogres
  2 bullfrogs
  Blork the orc (D:5)
  A gnoll sergeant (D:8)
  A scorpion (D:4)
  A wight (D:8)
  A howler monkey (D:8)
  A bullfrog zombie (D:8)
  A quasit (D:7)
  2 hounds (D:4)
  2 orc priests (D:3)
  A jelly (D:8)
  3 orc wizards
  A gnoll shaman (D:4)
  2 worker ants (D:4)
  4 gnolls (D:4)
  3 adders
  A shadow imp (D:8)
  An ooze (D:1)
  2 worms (D:3)
  2 leopard geckos
  9 orcs
  4 giant cockroaches
  5 goblins
  6 hobgoblins
  11 jackals
  A ball python (D:3)
  3 bats (D:3)
  5 frilled lizards
  7 kobolds
  A leopard gecko skeleton (D:5)
  A rat (D:1)
100 creatures vanquished.

Vanquished Creatures (collateral kills)
  A bullfrog zombie (D:6)
  An iguana (D:5)
2 creatures vanquished.

Grand Total: 102 creatures vanquished

Notes
Turn   | Place    | Note
-------+----------+-------------------------------------------
     0 | D:1      | tidbits the Gnoll Transmuter began the quest for the Orb.
     0 | D:1      | Reached XP level 1. HP: 17/17 MP: 6/6
    39 | D:2      | Noticed Robin
    97 | D:1      | Reached XP level 2. HP: 13/23 MP: 7/7
   101 | D:1      | Learned a level 2 spell: Sticks to Snakes
   353 | D:3      | Reached XP level 3. HP: 28/28 MP: 9/9
   358 | D:3      | Reached skill level 5 in Spellcasting
   369 | D:3      | Learned a level 3 spell: Spider Form
   390 | D:4      | Noticed a scorpion
   391 | D:4      | Reached skill level 1 in Invocations
   393 | D:4      | Reached skill level 1 in Short Blades
   393 | D:4      | Reached skill level 1 in Long Blades
   393 | D:4      | Reached skill level 1 in Axes
   393 | D:4      | Reached skill level 1 in Maces & Flails
   393 | D:4      | Reached skill level 1 in Polearms
   393 | D:4      | Reached skill level 1 in Staves
   393 | D:4      | Reached skill level 1 in Slings
   393 | D:4      | Reached skill level 1 in Bows
   393 | D:4      | Reached skill level 1 in Crossbows
   393 | D:4      | Reached skill level 1 in Throwing
   393 | D:4      | Reached skill level 1 in Armour
   393 | D:4      | Reached skill level 1 in Stealth
   393 | D:4      | Reached skill level 1 in Shields
   393 | D:4      | Reached skill level 1 in Evocations
   393 | D:4      | Reached XP level 4. HP: 34/34 MP: 11/11
   397 | D:4      | Reached skill level 1 in Conjurations
   397 | D:4      | Reached skill level 1 in Hexes
   397 | D:4      | Reached skill level 1 in Charms
   397 | D:4      | Reached skill level 1 in Summonings
   397 | D:4      | Reached skill level 1 in Necromancy
   397 | D:4      | Reached skill level 1 in Translocations
   397 | D:4      | Reached skill level 1 in Fire Magic
   397 | D:4      | Reached skill level 1 in Ice Magic
   397 | D:4      | Reached skill level 1 in Air Magic
   397 | D:4      | Reached skill level 1 in Earth Magic
   397 | D:4      | Reached skill level 1 in Poison Magic
   397 | D:4      | Reached XP level 5. HP: 40/40 MP: 12/12
   446 | D:3      | Reached skill level 3 in Fighting
   458 | D:3      | Found an ornate altar of the Wu Jian Council.
   474 | D:3      | Reached skill level 4 in Transmutations
   477 | D:3      | Reached XP level 6. HP: 46/47 MP: 13/13
   581 | D:3      | Noticed Grinder
   596 | D:3      | Killed Grinder
   596 | D:3      | Reached skill level 2 in Short Blades
   596 | D:3      | Reached skill level 2 in Long Blades
   596 | D:3      | Reached skill level 2 in Axes
   596 | D:3      | Reached skill level 2 in Maces & Flails
   596 | D:3      | Reached skill level 2 in Polearms
   596 | D:3      | Reached skill level 2 in Staves
   596 | D:3      | Reached skill level 2 in Slings
   596 | D:3      | Reached skill level 2 in Bows
   596 | D:3      | Reached skill level 2 in Crossbows
   596 | D:3      | Reached skill level 2 in Throwing
   596 | D:3      | Reached skill level 2 in Armour
   596 | D:3      | Reached skill level 5 in Dodging
   596 | D:3      | Reached skill level 2 in Stealth
   596 | D:3      | Reached skill level 2 in Shields
   596 | D:3      | Reached skill level 2 in Invocations
   596 | D:3      | Reached skill level 2 in Evocations
   701 | D:3      | Reached XP level 7. HP: 27/52 MP: 15/15
   799 | D:5      | Entered Level 5 of the Dungeon
   799 | D:5      | Noticed Blork the orc
   805 | D:4      | Reached skill level 7 in Unarmed Combat
   839 | D:4      | Reached skill level 2 in Conjurations
   839 | D:4      | Reached skill level 2 in Hexes
   839 | D:4      | Reached skill level 2 in Charms
   839 | D:4      | Reached skill level 2 in Summonings
   839 | D:4      | Reached skill level 2 in Necromancy
   839 | D:4      | Reached skill level 2 in Translocations
   839 | D:4      | Reached skill level 2 in Fire Magic
   839 | D:4      | Reached skill level 2 in Ice Magic
   839 | D:4      | Reached skill level 2 in Air Magic
   839 | D:4      | Reached skill level 2 in Earth Magic
   839 | D:4      | Reached skill level 2 in Poison Magic
   859 | D:5      | Killed Blork the orc
   884 | D:5      | Reached skill level 3 in Invocations
   893 | D:5      | Reached XP level 8. HP: 32/60 MP: 15/16
   937 | D:6      | Found the amulet of the Air {Inacc +Fly rElec EV+5 RMsl}
  1071 | D:7      | Found an ancient bone altar of Kikubaaqudgha.
  1115 | D:7      | Reached skill level 4 in Fighting
  1115 | D:7      | Reached skill level 3 in Short Blades
  1115 | D:7      | Reached skill level 3 in Long Blades
  1115 | D:7      | Reached skill level 3 in Axes
  1115 | D:7      | Reached skill level 3 in Maces & Flails
  1115 | D:7      | Reached skill level 3 in Polearms
  1115 | D:7      | Reached skill level 3 in Staves
  1115 | D:7      | Reached skill level 3 in Slings
  1115 | D:7      | Reached skill level 3 in Bows
  1115 | D:7      | Reached skill level 3 in Crossbows
  1115 | D:7      | Reached skill level 3 in Throwing
  1115 | D:7      | Reached skill level 3 in Armour
  1115 | D:7      | Reached skill level 3 in Stealth
  1115 | D:7      | Reached skill level 3 in Shields
  1115 | D:7      | Reached skill level 3 in Evocations
  1186 | D:7      | Noticed a hippogriff
  1194 | D:7      | Killed a hippogriff
  1194 | D:7      | Reached skill level 6 in Spellcasting
  1222 | D:6      | Found a staircase to the Ecumenical Temple.
  1230 | Temple   | Entered the Ecumenical Temple
  1277 | Temple   | Became a worshipper of Cheibriados the Contemplative
  1476 | D:8      | Learned a level 4 spell: Ice Form
  1482 | D:8      | Learned a level 5 spell: Blade Hands
  1509 | D:9      | Noticed Quirk's ghost (journeyman GnFi)
  1535 | D:9      | Reached skill level 3 in Conjurations
  1535 | D:9      | Reached skill level 3 in Hexes
  1535 | D:9      | Reached skill level 3 in Charms
  1535 | D:9      | Reached skill level 3 in Summonings
  1535 | D:9      | Reached skill level 3 in Necromancy
  1535 | D:9      | Reached skill level 3 in Translocations
  1535 | D:9      | Reached skill level 3 in Fire Magic
  1535 | D:9      | Reached skill level 3 in Ice Magic
  1535 | D:9      | Reached skill level 3 in Air Magic
  1535 | D:9      | Reached skill level 3 in Earth Magic
  1535 | D:9      | Reached skill level 3 in Poison Magic
  1535 | D:9      | Reached skill level 4 in Invocations
  1560 | D:8      | Reached skill level 6 in Dodging
  1560 | D:8      | Reached XP level 9. HP: 44/66 MP: 18/18
  1590 | D:8      | Found a white marble altar of Elyvilon.
  1643 | D:8      | Gained mutation: You have sharp toenails. [potion of mutation]
  1643 | D:8      | Gained mutation: Your system is resistant to poisons. (rPois) [potion of mutation]
  1685 | D:8      | Reached skill level 5 in Transmutations
  1703 | D:8      | Noticed a manticore
  1722 | D:8      | Reached skill level 4 in Short Blades
  1722 | D:8      | Reached skill level 4 in Long Blades
  1722 | D:8      | Reached skill level 4 in Axes
  1722 | D:8      | Reached skill level 4 in Maces & Flails
  1722 | D:8      | Reached skill level 4 in Polearms
  1722 | D:8      | Reached skill level 4 in Staves
  1722 | D:8      | Reached skill level 4 in Slings
  1722 | D:8      | Reached skill level 4 in Bows
  1722 | D:8      | Reached skill level 4 in Crossbows
  1722 | D:8      | Reached skill level 4 in Throwing
  1722 | D:8      | Reached skill level 4 in Armour
  1722 | D:8      | Reached skill level 4 in Stealth
  1722 | D:8      | Reached skill level 4 in Shields
  1722 | D:8      | Reached skill level 4 in Evocations
  1725 | D:8      | Reached * piety under Cheibriados
  1727 | D:8      | Killed a manticore
  1727 | D:8      | Reached skill level 5 in Fighting
  1761 | D:8      | Noticed a two-headed ogre
  1768 | D:8      | Mangled by a two-headed ogre

Skill      XL: |  1  2  3  4  5  6  7  8  9 |
---------------+----------------------------+-----
Spellcasting   | 5 6 |  6.7
Invocations    | 1 2 3 4 |  4.8
Short Blades   | 1 2 3 4 |  4.3
Long Blades    | 1 2 3 4 |  4.3
Axes           | 1 2 3 4 |  4.3
Maces & Flails | 1 2 3 4 |  4.3
Polearms       | 1 2 3 4 |  4.3
Staves         | 1 2 3 4 |  4.3
Slings         | 1 2 3 4 |  4.3
Bows           | 1 2 3 4 |  4.3
Crossbows      | 1 2 3 4 |  4.3
Throwing       | 1 2 3 4 |  4.3
Armour         | 1 2 3 4 |  4.3
Stealth        | 1 2 3 4 |  4.3
Shields        | 1 2 3 4 |  4.3
Evocations     | 1 2 3 4 |  4.3
Conjurations   | 1 2 3 |  3.5
Hexes          | 1 2 3 |  3.5
Charms         | 1 2 3 |  3.5
Summonings     | 1 2 3 |  3.5
Necromancy     | 1 2 3 |  3.5
Translocations | 1 2 3 |  3.5
Fire Magic     | 1 2 3 |  3.5
Ice Magic      | 1 2 3 |  3.5
Air Magic      | 1 2 3 |  3.5
Earth Magic    | 1 2 3 |  3.5
Poison Magic   | 1 2 3 |  3.5
Fighting       | 3 4 5 |  5.1
Transmutations | 4 5 |  5.3
Dodging        | 5 6 |  6.4
Unarmed Combat | 7 |  7.9

Action                   |  1- 3 |  4- 6 |  7- 9 || total
-------------------------+-------+-------+-------++-------
Melee: Unarmed           |    45 |    54 |   200 ||   299
       Kick              |     4 |       |       ||     4
       Bite              |     2 |       |     1 ||     3
       Dagger            |       |       |     9 ||     9
 Cast: Beastly Appendage |    13 |       |       ||    13
       Spider Form       |     1 |     8 |    22 ||    31
       Sticks to Snakes  |       |     4 |     9 ||    13
Invok: Bend Time         |       |       |     1 ||     1
 Abil: End Transformatio |       |       |     1 ||     1
Evoke: Wand              |       |     2 |     3 ||     5
  Use: Scroll            |       |     1 |     5 ||     6
       Potion            |       |       |     5 ||     5
 Stab: Sleeping          |     3 |       |     1 ||     4
       Distracted        |       |     1 |       ||     1
  Eat: Ration            |       |       |     1 ||     1
       Chunk             |       |       |     2 ||     2
Armor: Robe              |     4 |     1 |    13 ||    18
       Skin              |     1 |    13 |    25 ||    39
Dodge: Dodged            |    14 |    60 |   275 ||   349

Table legend:
 A = Turns spent in this place as a percentage of turns spent in the entire game.
 B = Non-inter-level travel turns spent in this place as a percentage of non-inter-level travel turns spent in the entire game.
 C = Inter-level travel turns spent in this place as a percentage of turns spent in this place.
 D = Turns resting spent in this place as a percentage of non-inter-level travel turns spent in this place.
 E = Turns spent auto-exploring this place as a percentage of non-inter-level travel turns spent in this place.
 F = Non-inter-level travel turns spent in this place divided by the number of levels of this place that you've seen.
                   A       B       C       D       E      F
               +-------+-------+-------+-------+-------+----------------------
         Total | 100.0 | 100.0 |   0.6 |   0.0 |   0.0 | 175.8
       Dungeon |  96.0 |  96.6 |   0.0 |   0.0 |   0.0 | 188.7
        Temple |   4.0 |   3.4 |  14.3 |   0.0 |   0.0 |  60.0
               +-------+-------+-------+-------+-------+----------------------

Table legend:
 A = Kills in this place as a percentage of kills in entire the game.
 B = Kills by you in this place as a percentage of kills by you in the entire game.
 C = Kills by friends in this place as a percentage of kills by friends in the entire game.
 D = Other kills in this place as a percentage of other kills in the entire game.
 E = Experience gained in this place as a percentage of experience gained in the entire game.
 F = Experience gained in this place divided by the number of levels of this place that you have seen.
                   A       B       C       D       E      F
               +-------+-------+-------+-------+-------+----------------------
         Total | 100.0 | 100.0 | 100.0 |   N/A | 100.0 | 379.3
       Dungeon | 100.0 | 100.0 | 100.0 |   N/A | 100.0 | 421.4
               +-------+-------+-------+-------+-------+----------------------

Vault maps used:
D:1:      lightli_arrival_flooded_house, grunt_decor_cap
D:2:      overflow_temple_1_default, uniq_robin
D:3:      lemuel_round_altar, uniq_grinder
D:4:      first_ration
D:5:      nicolae_overflow_crystal_walls, minmay_misc_feat_tiny,
          uniq_blork_the_orc
D:6:      minmay_temple_entry_glass
D:7:      lemuel_doored_altar
D:8:      minmay_bloctagon, marbit_many_paths, elyvilon_altar_4, serial_shops,
          shop, grunt_ogre_cave, kennysheep_okawaru_gauntlet,
          uniq_prince_ribbit1
D:9:      dpeg_lair_monsters, serial_shops, shop, dk_rats_in_the_wall
Temple:   kb_temple_of_zot
